 Dungeon Crawl Stone Soup version 0.22-a0-348-gd16d139 (webtiles) character file.

64 nikopol the Magician (level 3, 0/19 HPs)
             Began as a Deep Elf Fire Elementalist on Apr 9, 2018.
             Slain by an orc wizard
             ... wielding a +0 dagger of venom
              (2 damage)
             ... on level 2 of the Dungeon.
             The game lasted 00:06:51 (1544 turns).

nikopol the Magician (Deep Elf Fire Elementalist)   Turns: 1544, Time: 00:06:51

Health: 0/19       AC:  2    Str:  5    XL:     3   Next: 91%
Magic:  13/19      EV: 13    Int: 20    God:
Gold:   73         SH:  0    Dex: 15    Spells: 9/10 levels left

rFire    . . .     SeeInvis .   (no weapon)
rCold    . . .     Gourm    .   (no shield)
rNeg     . . .     Faith    .   a - +0 robe
rPois    .         Spirit   .   (no helmet)
rElec    .         Reflect  .   (no cloak)
rCorr    .         Harm     .   (no gloves)
MR       .....                  (no boots)
Stlth    ++........             (no amulet)
HPRegen  0.06/turn              b - ring of magical power
MPRegen  0.16/turn              (no ring)

@: lethally poisoned (0 -> -10)
A: no striking features
a: no special abilities


You were on level 2 of the Dungeon.
You were not hungry.

You visited 1 branch of the dungeon, and saw 2 of its levels.

You collected 73 gold pieces.

Inventory:

Armour
 a - a +0 robe (worn)
Jewellery
 b - a ring of magical power (left hand)
 g - an uncursed ring of wizardry {unknown}
Potions
 e - a potion of flight {unknown}
 h - a potion of curing {unknown}
 l - 2 potions of heal wounds
Comestibles
 c - 2 rations
 d - 3 chunks of flesh


   Skills:
 + Level 2.6 Dodging
 + Level 2.9 Stealth
 + Level 4.1 Spellcasting
 + Level 2.0 Conjurations
 + Level 4.0 Fire Magic


You had 9 spell levels left.
You knew the following spells:

 Your Spells              Type           Power        Failure   Level  Hunger
a - Flame Tongue          Conj/Fire      ###..        3%          1    None


Dungeon Overview and Level Annotations

Branches:
Dungeon (2/15)

Altars:
Uskayaw


Message History

Confirm with . or Enter, or press ? or * to list all spells.
Aiming: Flame Tongue (safe; 3% risk of failure)
Press: ? - help, Shift-Dir - straight line, f/p - leopard gecko
Aim: a leopard gecko (clinging)
The flame tongue hits something.
You feel sick.
You hear some strange, mumbled words.
A magic dart appears from out of thin air!
The magic dart hits you!
* * * LOW HITPOINT WARNING * * *
Casting: Flame Tongue (safe; 3% risk of failure)
Confirm with . or Enter, or press ? or * to list all spells.
Aiming: Flame Tongue (safe; 3% risk of failure)
Press: ? - help, Shift-Dir - straight line, f/p - leopard gecko
Aim: a leopard gecko (clinging)
The flame tongue misses the leopard gecko.
* * * LOW HITPOINT WARNING * * *
You feel sick.
The leopard gecko hisses menacingly.
Something hits you.
You die...

#### ... #.. #..
#.b#..######
...........#
#..#..###..#########
.....##......l{@..#
#..o.##.....######.#
##### ##...## #
##.## #.# #.# ##'##
##...## ##.....## #.


You could see a leopard gecko.

Vanquished Creatures
  2 adders (D:2)
  3 dart slugs
  A leopard gecko (D:2)
  2 bats (D:2)
  3 giant cockroaches
  7 goblins
  3 hobgoblins (D:1)
  2 jackals (D:2)
  2 frilled lizards
  5 kobolds
  10 rats
40 creatures vanquished.

Vanquished Creatures (others)
  An orc wizard (D:2)
1 creature vanquished.

Grand Total: 41 creatures vanquished

Notes
Turn   | Place    | Note
-------+----------+-------------------------------------------
     0 | D:1      | nikopol the Deep Elf Fire Elementalist began the quest for the Orb.
     0 | D:1      | Reached XP level 1. HP: 10/10 MP: 6/6
   240 | D:1      | Reached XP level 2. HP: 13/15 MP: 8/8
   714 | D:1      | You fall through a shaft!
   792 | D:2      | Reached XP level 3. HP: 19/19 MP: 10/10
  1446 | D:2      | Found a hide-covered altar of Uskayaw.
  1544 | D:2      | Slain by an orc wizard

Vault maps used:
D:1:      ncdulo_lavacross
D:2:      grunt_qazlal_clouds, old_standard_altar, kennysheep_generic_room_16

Skill      XL: |  1  2  3 |
---------------+----------+-----
Spellcasting   | 4 |  4.1
Fire Magic     | 4 |  4.0
Conjurations   | 2 |  2.0
Dodging        | |  2.6
Stealth        | |  2.9

Action                   || total
-------------------------++-------
Melee: Unarmed           ||     1
 Cast: Flame Tongue      ||    81
  Use: Scroll            ||     4
       Potion            ||     1
  Eat: Chunk             ||     2
Armor: Robe              ||     5
Dodge: Dodged            ||    29

Table legend:
 A = Spawn XP
 B = Non-spawn XP
 C = Spawn XP percentage of total XP
 D = Spawn monster count
 E = Non-spawn monster count
 F = Spawn count percentage of total count
 G = Total turns spent on level
                    A         B        C        D         E        F      G
               +---------+---------+-------+---------+---------+-------+---------
         Total |       0 |      92 |   0.0 |       0 |      40 |   0.0 |  1544
               +---------+---------+-------+---------+---------+-------+---------
           D:1 |       0 |      31 |   0.0 |       0 |      19 |   0.0 |   714
           D:2 |       0 |      61 |   0.0 |       0 |      21 |   0.0 |   830
               +---------+---------+-------+---------+---------+-------+---------
